 Dungeon Crawl Stone Soup version 0.31.0-11-ge490571c62 (webtiles) character file.

Game seed: 5970878180418358043

294 boopmooplesden the Covered (level 6, 0/51 HPs)
             Began as an Armataur Fighter on Feb 2, 2024.
             Slain by an adder (3 damage)
             ... on level 3 of the Dungeon.
             The game lasted 00:02:58 (2423 turns).

boopmooplesden the Covered (Armataur Fighter)       Turns: 2423, Time: 00:02:58

Health: 0/51       AC:  9    Str: 20 (22) XL:     6   Next: 11%
Magic:  6/6        EV:  7    Int:  6 (8)  God:
Gold:   198        SH:  4    Dex:  9 (11) Spells: 5/5 levels left

rFire   . . .        a - +0 long sword
rCold   . . .        c - +0 buckler
rNeg    . . .        b - +0 scale mail
rPois   .            k - +0 helmet
rElec   .            f - +0 cloak
rCorr   .            (no gloves)
SInv    .            (no barding)
Will    ++...        (no amulet) Stlth
                     n - ring of willpower
HPRegen 0.28/turn    (no ring)
MPRegen 0.10/turn

%: roll
@: mighty, lethally poisoned (0 -> -3), enlightened, flying, hasted, very quick
A: large, deformed body, tough skin 3, armoured tail, roll 1, evolution 1,
MP-powered wands
a: no special abilities


You were on level 3 of the Dungeon.
You visited 1 branch of the dungeon, and saw 3 of its levels.

You collected 198 gold pieces.

Inventory:

Hand Weapons
 a - a +0 long sword (weapon)
Armour
 b - a +0 scale mail (worn)
 c - a +0 buckler (worn)
 f - a +0 cloak (worn)
 k - a +0 helmet (worn)
Jewellery
 n - a ring of willpower (left hand)
Scrolls
 i - 2 scrolls of fog {unknown}
 m - a scroll of vulnerability {unknown}
 p - a scroll of blinking {unknown}
Potions
 d - 2 potions of might
 g - 2 potions of attraction
 h - a potion of brilliance {unknown}
 j - 2 potions of mutation
 l - a potion of degeneration
 o - a potion of magic
 q - a potion of enlightenment


   Skills:
 + Level 3.3 Fighting
 + Level 4.1 Long Blades
 + Level 5.0 Armour
 + Level 0.9 Dodging
 + Level 0.1 Stealth
 + Level 4.1 Shields


You had 5 spell levels left.
You didn't know any spells.
Your spell library was empty.

Dungeon Overview and Level Annotations

Branches:
Dungeon (3/15)

Altars:
Kikubaaqudgha
Xom


Innate Abilities, Weirdness & Mutations

Armour fits poorly on your strangely shaped body.
You have extremely tough skin. (AC +3)
You have a long armoured tail.
You regenerate magic when rolling toward enemies. (Rampage MPRegen)
You have hidden genetic potential.
You expend magic power (3 MP) to strengthen your wands.


Message History

You hit the water moccasin. You tail-slap the water moccasin!
You kill the water moccasin!
The adder bites you but does no damage.
Your Long Blades skill increases to level 4!
Your Armour skill increases to level 5!
Your Shields skill increases to level 4!
You have reached level 6!
It was a potion of mutation.
You feel extremely strange.
You feel a hidden potential growing inside you.
You feel your magical essence link to the dungeon's wands.
The adder bites you.
* * * LOW HITPOINT WARNING * * *
You are poisoned.
The adder poisons you!
It was a potion of degeneration.
There was something very wrong with that liquid.
You feel weakened.
You feel dopey.
You feel clumsy.
You feel sick. The adder bites you but does no damage.
It was a potion of magic.
Magic courses through your body.
You feel sick. The adder bites you but does no damage.
It was a potion of enlightenment.
You feel very buoyant.
You fly up into the air.
You feel sick.
The adder bites you but does no damage. x2
You feel sick.
You feel sick.
You are no longer poisoned.
The adder bites you but does no damage. The adder attacks as it pursues you!
The adder bites you but does no damage.
You see here a +0 short sword.
As you read the scroll labelled YRIKIFR XIWURUNYAT, it crumbles to dust.
Your body is wracked with pain!
* * * LOW HITPOINT WARNING * * *
The adder convulses!
It was a scroll of torment.
The adder bites you.
* * * LOW HITPOINT WARNING * * *
You are lethally poisoned!
The adder poisons you!
It was a potion of haste.
You feel yourself speed up.
* * * LOW HITPOINT WARNING * * *
You feel sick. The adder bites you.
You die...

#.............#.#+##†#
#...
###.###########.#......#
#.##
#........)......#......#
#.#
#.#.########.#..#......#
#.##
#.#..........#.........#
#.#.
##.###############.#.####
#.#.
#..................#.#
#...
###########...######.#
###. ...........@SS#.#
###### ####.....####S#..
#..... #........#.###
#.#### #.....##.#S#
#.#..#
#####.#.S#.#####.###.#..#
#.#..........#......#
#.#..#.#######.#.....
#.#..#.# #.###.##
#.#..#.# #.......


You could see 2 adders and a ball python.

Vanquished Creatures
  A water moccasin (D:3)
  A scorpion (D:3)
  6 adders
  4 dart slugs
  A ribbon worm (D:2)
  5 endoplasms
  5 goblins
  7 hobgoblins
  4 jackals (D:1)
  5 kobolds
  3 quokkas
  7 ball pythons
  7 bats
  2 frilled lizards
  A rat (D:2)
59 creatures vanquished.

Vanquished Creatures (others)
  An orc (D:3)
  A rat (D:3)
2 creatures vanquished.

Grand Total: 61 creatures vanquished

Notes
Turn   | Place    | Note
-------+----------+-------------------------------------------
     0 | D:1      | boopmooplesden the Armataur Fighter began the quest for the
                  | Orb.
     0 | D:1      | Reached XP level 1. HP: 18/18 MP: 1/1
   123 | D:1      | Reached XP level 2. HP: 25/25 MP: 2/2
   144 | D:1      | Found a faded altar of an unknown god.
   148 | D:1      | Reached skill level 4 in Armour
   789 | D:1      | Reached XP level 3. HP: 30/30 MP: 3/3
  1166 | D:2      | Reached XP level 4. HP: 36/38 MP: 4/4
  1493 | D:2      | You fall into a shaft and drop 1 floor!
  1932 | D:3      | Noticed a scorpion
  1940 | D:3      | Killed a scorpion
  1941 | D:3      | Reached XP level 5. HP: 45/45 MP: 5/5
  2246 | D:3      | Found an ancient bone altar of Kikubaaqudgha.
  2396 | D:3      | Noticed a water moccasin
  2397 | D:3      | Found a shimmering altar of Xom.
  2414 | D:3      | Killed a water moccasin
  2415 | D:3      | Reached skill level 5 in Armour
  2415 | D:3      | Reached XP level 6. HP: 11/51 MP: 6/6
  2415 | D:3      | Gained mutation: You have hidden genetic potential. [potion
                  | of mutation]
  2415 | D:3      | Gained mutation: You expend magic power (3 MP) to
                  | strengthen your wands. [potion of mutation]
  2423 | D:3      | Slain by an adder

Illustrated notes

Levels and vault maps discovered:
D:1:      saegor_arrival_simple_e, layout_basic,
          chequers_ecumenical_altar_simple
D:2:      layout_loops_ring, hangedman_feature_mirror, minmay_split_cup_small
D:3:      layout_basic, kiku_gazebo_pond_becter, xom_confusion_cloud

Skill      XL: |  1  2  3  4  5 |
---------------+----------------+-----
Armour         | 4 5 |  5.0
Long Blades    | 2 3 4 |  4.1
Fighting       | 3 |  3.3
Shields        | 4 |  4.1
Dodging        | |  0.9
Stealth        | |  0.1

Action                     |  1- 3 |  4- 6 || total
---------------------------+-------+-------++-------
  Melee: Long sword        |   106 |    85 ||   191
         Tailslap          |    13 |     8 ||    21
    Use: Scroll            |     3 |     1 ||     4
         Potion            |       |     6 ||     6
 Armour: Scale mail        |   105 |    66 ||   171
  Dodge: Dodged            |    57 |    33 ||    90
  Block: Buckler           |    26 |    17 ||    43
